 Dungeon Crawl Stone Soup version 0.23.2-1-ga50397a (webtiles) character file.

Game seed: 10062084510426703416

28 Iscandelvey the Vexing (level 3, 26/26 HPs)
             Began as a Demonspawn Arcane Marksman on Apr 17, 2019.
             Quit the game on level 2 of the Dungeon.
             The game lasted 00:01:17 (1207 turns).

Iscandelvey the Vexing (Demonspawn Arcane Marksman) Turns: 1207, Time: 00:01:18

Health: 26/26      AC:  2    Str: 10    XL:     3   Next: 0%
Magic:  5/5        EV: 12    Int: 15    God:
Gold:   75         SH:  0    Dex: 13    Spells: 4/5 levels left

rFire    . . .     SeeInvis .   g - +3 short sword (freeze)
rCold    . . .     Gourm    .   (no shield)
rNeg     . . .     Faith    .   e - +0 robe
rPois    .         Spirit   .   (no helmet)
rElec    .         Reflect  .   (no cloak)
rCorr    .         Harm     .   (no gloves)
MR       .....                  (no boots)
Stlth    +.........             (no amulet)
HPRegen  0.08/turn              (no ring)
MPRegen  0.09/turn              (no ring)

@: no status effects
A: claws 1, rot immunity
a: no special abilities


You were on level 2 of the Dungeon.
You were not hungry.

You visited 1 branch of the dungeon, and saw 2 of its levels.

You collected 75 gold pieces.

Inventory:

Hand Weapons
 a - a +0 hand crossbow
 g - a +3 short sword of freezing (weapon)
Missiles
 d - 51 bolts
Armour
 e - a +0 robe (worn)
Scrolls
 c - 2 scrolls of magic mapping {unknown}
 i - a scroll of remove curse {unknown}
 j - a scroll of enchant armour {unknown}
 l - a scroll of noise {unknown}
Potions
 b - a potion of flight {unknown}
 h - a potion of curing {unknown}
Comestibles
 f - a ration
 k - a chunk of flesh


   Skills:
 - Level 1.0 Fighting
 + Level 2.1 Crossbows
 + Level 2.3 Dodging
 + Level 1.5 Spellcasting
 - Level 3.2 Hexes


You had 4 spell levels left.
You knew the following spells:

 Your Spells              Type           Power        Failure   Level  Hunger
a - Corona                Hex            ##.....      6%          1    ##.....

Your spell library contained the following spells:

 Spells                   Type           Power        Failure   Level  Hunger
 Slow                     Hex            ##......     10%         2    ###....
 Inner Flame              Hex/Fire       #.......     36%         3    ####...
 Portal Projectile        Hex/Tloc       #.....       36%         3    ####...
 Cause Fear               Hex            ##........   52%         4    #####..
 Leda's Liquefaction      Hex/Erth       #.........   77%         4    #####..


Dungeon Overview and Level Annotations

Branches:
Dungeon (2/15)

Altars:


Innate Abilities, Weirdness & Mutations

You have sharp fingernails.
You are immune to rotting.


Message History

The bat barely misses you.
A bat is nearby!
You miss the bat. The bat misses you.
A bat is nearby!
You hit the bat. You freeze the bat.
The bat is severely wounded.
The bat hits you but does no damage. The bat closely misses you.
A bat is nearby!
The bat barely misses you.
A bat is nearby!
You hit the bat. You freeze the bat.
You kill the bat!
You have reached level 3!
Your experience leads to an increase in your attributes!
Increase (S)trength, (I)ntelligence, or (D)exterity?
You feel clever.
You feel monstrous as your demonic heritage exerts itself.
Your demonic ancestry asserts itself...
Your fingernails lengthen.
Are you sure you want to abandon this character and quit the game? (Confirm with "yes".)

....# #...#
###...#
.....#
#....#
#....#
###.$..#
#####...@..#
......##...#
##.....####
#.....#
#..>.<#
#...†.#
###.....#
###.......#
# ...#.###.#


There were no monsters in sight!

Vanquished Creatures
  3 leopard geckos
  3 ball pythons
  5 bats
  2 giant cockroaches (D:1)
  2 goblins
  A frilled lizard (D:1)
  5 kobolds
  3 rats (D:1)
24 creatures vanquished.

Notes
Turn   | Place    | Note
-------+----------+-------------------------------------------
     0 | D:1      | Iscandelvey the Demonspawn Arcane Marksman began the quest
                  | for the Orb.
     0 | D:1      | Reached XP level 1. HP: 15/15 MP: 2/2
   290 | D:1      | Gained mutation: You are immune to rotting. [demonic
                  | ancestry]
   290 | D:1      | Reached XP level 2. HP: 15/21 MP: 3/3
  1206 | D:2      | Gained mutation: You have sharp fingernails. [demonic
                  | ancestry]
  1206 | D:2      | Reached XP level 3. HP: 26/26 MP: 5/5
  1207 | D:2      | Quit the game

Skill      XL: |  1  2 |
---------------+-------+-----
Dodging        | 2 |  2.3
Crossbows      | 2 |  2.1
Fighting       | |  1.0
Spellcasting   | |  1.5
Hexes          | |  3.2

Action                   || total
-------------------------++-------
Melee: Short sword       ||    52
 Fire: Hand crossbow     ||    11
 Stab: Sleeping          ||     1
  Eat: Chunk             ||     1
Armor: Robe              ||    11
Dodge: Dodged            ||    52
